 Dungeon Crawl Stone Soup version 0.29-a0-72-g1732ff48e7 (webtiles) character file.

Game seed: 4422757369454335644

710 timneilson the Shield-Bearer (level 7, -1/44 HPs)
             Began as a Gargoyle Fighter on Feb 4, 2022.
             Slain by an ogre (8 damage)
             ... on level 5 of the Dungeon.
             The game lasted 00:06:13 (4790 turns).

timneilson the Shield-Bearer (Gargoyle Fighter)     Turns: 4790, Time: 00:06:14

Health: -1/44      AC: 16    Str: 22    XL:     7   Next: 68%
Magic:  7/7        EV:  8    Int:  8    God:
Gold:   190        SH:  5    Dex:  9    Spells: 6/6 levels left

rFire   . . .      SeeInvis .   a - +1 long sword
rCold   . . .      Faith    .   c - +0 buckler
rNeg    + . .      Spirit   .   l - +0 chain mail
rPois   ∞          Reflect  .   (no helmet)
rElec   +          Harm     .   (no cloak)
rCorr   .          Rampage  .   (no gloves)
Will    .....                   m - +0 pair of boots
Stlth   ..........              h - amulet of the acrobat
HPRegen 0.14/turn               (no ring)
MPRegen 0.10/turn               (no ring)

@: no status effects
A: sickness immunity, AC +4, negative energy resistance 1, electricity
resistance, torment resistance 1, petrification resistance
a: no special abilities


You were on level 5 of the Dungeon.
You visited 1 branch of the dungeon, and saw 5 of its levels.

You collected 190 gold pieces.

Inventory:

Hand Weapons
 a - a +1 long sword (weapon)
Armour
 c - a +0 buckler (worn)
 l - a +0 chain mail (worn)
 m - a +0 pair of boots (worn)
Jewellery
 h - an amulet of the acrobat (around neck)
 k - a ring of ice
Scrolls
 e - a scroll of identify
 q - a scroll of amnesia
Potions
 b - a potion of berserk rage
 d - a potion of might
 f - a potion of haste
 g - 2 potions of flight
 i - a potion of attraction
 j - 2 potions of curing
 n - a potion of lignification
 p - a potion of invisibility


   Skills:
 + Level 4.5 Fighting
 * Level 4.0 Long Blades
 * Level 5.5 Armour
 + Level 2.0 Dodging
 * Level 5.6 Shields


You had 6 spell levels left.
You didn't know any spells.
Your spell library contained the following spells:

 Spells                   Type           Power      Damage    Failure   Level
 Animate Skeleton         Necr           0%         N/A       99%         1
 Pain                     Necr           0%         1d4       99%         1
 Sandblast                Erth           0%         2d4       99%         1
 Passwall                 Tmut/Erth      0%         N/A       100%        2
 Stone Arrow              Conj/Erth      0%         3d7       100%        3
 Vampiric Draining        Necr           0%         2d6       100%        3


Dungeon Overview and Level Annotations

Branches:
Dungeon (5/15)
 Temple: D:4-7

Altars:
Ashenzari
Ru
Wu Jian
Yredelemnul

Annotations:
D:2 1 runed translucent door, Crazy Yiuf


Innate Abilities, Weirdness & Mutations

You are immune to sickness and miasma.
Your stone body is resilient. (AC +4)
You are immune to poison.
You resist negative energy. (rN+)
You are resistant to electric shocks. (rElec)
You are resistant to unholy torment.
You are immune to petrification.


Message History

The scorpion barely misses you.
You hit the scorpion.
The scorpion is severely wounded.
The scorpion stings you.
You slash the scorpion!
You kill the scorpion!
Your Long Blades skill increases to level 4!
Your Dodging skill increases to level 2!
Found a robe.
An ogre comes into view. It is wielding a +0 giant spiked club.
The ogre shouts!
An iguana comes into view.
The iguana hisses angrily.
You slash the iguana!
The iguana is almost dead.
The iguana bites you.
You hit the iguana.
The iguana is almost dead.
The iguana bites you.
You slash the iguana!
You kill the iguana!
You hear the slow rusting of a very distant drain.
You slash the ogre!
The ogre is moderately wounded.
The ogre hits you with a +0 giant spiked club!!
Ouch! That really hurt!
* * * LOW HITPOINT WARNING * * *
You slash the ogre!
The ogre is almost dead.
The ogre closely misses you.
You barely miss the ogre.
The ogre is almost dead.
You block the ogre's attack.
You barely miss the ogre.
The ogre is almost dead.
You block the ogre's attack.
You hit the ogre.
The ogre is almost dead.
The ogre hits you with a +0 giant spiked club!
You die...

#......).#
#.###.##.#
###..##.#
..(
###.......##
....
#..........+
...
###.#...####
...
##+###.#..##
...##.#....
#
...##@######
#. #..##O#
#..##.O##.#
.#..l...##.#
T#......##.#
#.#..#####
#.......[#
########.#


You could see an ogre.

Vanquished Creatures
  Menkaure (D:4)
  2 ogres (D:4)
  2 scorpions
  An iguana (D:5)
  2 orc wizards (D:3)
  3 gnolls (D:4)
  3 adders
  An adder skeleton (D:4)
  3 worms
  10 orcs
  6 ball pythons
  2 bats (D:1)
  11 endoplasms
  2 giant cockroaches
  6 goblins
  7 hobgoblins
  6 kobolds
  5 rats (D:1)
73 creatures vanquished.

Vanquished Creatures (collateral kills)
  The ghost of Zonian the Magician, an amateur DjIE of Dithmenos (D:4)
1 creature vanquished.

Grand Total: 74 creatures vanquished

Notes
Turn   | Place    | Note
-------+----------+-------------------------------------------
     0 | D:1      | timneilson the Gargoyle Fighter began the quest for the
                  | Orb.
     0 | D:1      | Reached XP level 1. HP: 14/14 MP: 1/1
   267 | D:1      | Reached XP level 2. HP: 19/19 MP: 2/2
   908 | D:1      | Found a faded altar of an unknown god.
   908 | D:1      | Noticed a crimson imp
  1100 | D:2      | Reached XP level 3. HP: 23/23 MP: 3/3
  1486 | D:2      | Found the +7 staff of the Meek {protect, meekguard}
  1566 | D:2      | Found a runed translucent door.
  1567 | D:2      | Noticed Crazy Yiuf
  2001 | D:2      | Reached XP level 4. HP: 19/28 MP: 4/4
  2675 | D:3      | Found an ornate altar of the Wu Jian Council.
  2677 | D:3      | Found a basalt altar of Yredelemnul.
  2682 | D:3      | Found a broken altar of Ashenzari.
  2794 | D:3      | Reached XP level 5. HP: 19/33 MP: 5/5
  2812 | D:3      | Reached skill level 1 in Dodging
  3103 | D:4      | Noticed an ogre
  3114 | D:4      | HP: 1/33 [ogre (11)]
  3116 | D:4      | Killed an ogre
  3117 | D:4      | Reached XP level 6. HP: 2/38 MP: 6/6
  3691 | D:4      | Found a runed translucent door.
  3691 | D:4      | Noticed Zonian's ghost (amateur DjIE)
  3796 | D:4      | Reached skill level 5 in Shields
  4158 | D:4      | Found a sacrificial altar of Ru.
  4317 | D:4      | Noticed Menkaure
  4331 | D:4      | Killed Menkaure
  4332 | D:4      | Reached skill level 5 in Armour
  4332 | D:4      | Reached XP level 7. HP: 24/44 MP: 7/7
  4696 | D:4      | Killed Zonian's ghost
  4737 | D:5      | Entered Level 5 of the Dungeon
  4772 | D:5      | Noticed a troll
  4790 | D:5      | Slain by an ogre

Illustrated notes

Levels and vault maps discovered:
D:1:      moated_graveyard_arrival, layout_loops_corners,
          dreamdust_ecumenical_altar_sealed_demon
D:2:      layout_loops_corners, uniq_crazy_yiuf_cottage
D:3:      layout_basic, chequers_temple_overflow_statue_of_worship
D:4:      layout_basic, mainiacjoe_overflow_alcove_4, serial_glass,
          glass_columns_c, glass_columns_a, hellmonk_ghost_happy_afterlife,
          kennysheep_generic_room_4, uniq_menkaure
D:5:      minmay_clustersquares, layout_loops_corners,
          minmay_temple_entry_steel_oval, cheibrodos_sewer_entry_bend,
          uniq_eustachio

Skill      XL: |  1  2  3  4  5  6  7 |
---------------+----------------------+-----
Long Blades    | 2 3 4 |  4.0
Shields        | 4 5 |  5.6
Armour         | 4 5 |  5.5
Dodging        | 1 2 |  2.0
Fighting       | 4 |  4.5

Action                   |  1- 3 |  4- 6 |  7- 9 || total
-------------------------+-------+-------+-------++-------
Melee: Long sword        |    91 |   126 |    26 ||   243
  Use: Scroll            |     3 |     5 |     5 ||    13
Armor: Scale mail        |    43 |     7 |       ||    50
       Chain mail        |       |    39 |     8 ||    47
Dodge: Dodged            |    33 |    35 |     6 ||    74
Block: Buckler           |    16 |    22 |     4 ||    42

Table legend: (Time is in decaauts)
 A = Elapsed time spent in this place.
 B = Non-inter-level travel time spent in this place.
 C = Inter-level travel time spent in this place.
 D = Time resting spent in this place.
 E = Time spent auto-exploring this place.
 F = Levels seen in this place.
 G = Mean time per level.
                   A        B        C        D        E       F      G
               +--------+--------+--------+--------+--------+-----+--------+
         Total |   4864 |   4723 |    141 |    288 |   3658 |   5 |  972.8 |
       Dungeon |   4864 |   4723 |    141 |    288 |   3658 |   5 |  972.8 |
               +--------+--------+--------+--------+--------+-----+--------+

Top non-repeatable levels by time:
     D:4: 1366 daAuts
     D:2: 1246 daAuts
     D:1: 1105 daAuts
     D:3: 1089 daAuts
     D:5: 55 daAuts
